AoeStats
← eleven

Arena

509025718Analyzed
4v4 RM · 5d ago on Sep 25, 2026· 39m 49s· 8 players
Game mode
Random Map
Map size
Large (8 player)
Population
200
Speed
Normal
Resources
Standard
Victory
Conquest
Starting age
Dark Age
Ending age
Imperial Age
RankedLock teamsTeams togetherTeam positionsShared explorationLock speedFull tech treeHidden civsTurbo modeCheats
Victory
Defeat
🇬🇹 Varangians · Guatemala
1027
+8
🇵🇪 Varangians · Peru
994
+10
🇬🇧 Sicilians · United Kingdom
963
+11
🇬🇹 Saxons · Guatemala
871
+13
🇺🇸 Khmer · United States
887
-12
🇨🇳 Bohemians · China
877
-12
🇲🇽 Danes · Mexico
861
-11
🇹🇼 Danes · Taiwan
745
-7
TZKLunatick7
1:16 Loom
11:39 Feudal Age
18:01 Castle Age
16:23 Double-Bit Axe
16:19 Horse Collar
16:35 Gold Mining
16:38 Stone Mining
25:34 Wheelbarrow
31:24 Imperial Age
29:16 Bow Saw
29:08 Heavy Plow
30:42 Gambesons
30:57 Squires
31:10 Forging
31:25 Ballistics
33:58 Hand Cart
宇智波帶土
10:38 Feudal Age
11:35 Horse Collar
11:44 Double-Bit Axe
15:49 Arson
18:11 Castle Age
18:38 Wheelbarrow
18:20 Scale Mail Armor
18:31 Forging
18:18 Loom
22:49 Gold Mining
23:10 Gambesons
25:14 Heavy Plow
25:40 Squires
26:48 Bow Saw
26:14 Hamask
26:58 Stone Mining
27:50 Hand Cart
27:24 Pikeman
28:57 Town Watch
31:42 Gold Shaft Mining
34:41 Imperial Age
eleven
10:09 Feudal Age
11:26 Wheelbarrow
10:40 Double-Bit Axe
16:33 Castle Age
14:34 Stone Mining
14:36 Gold Mining
14:49 Horse Collar
18:02 Hand Cart
20:47 Bow Saw
23:56 Gold Shaft Mining
28:14 Stone Shaft Mining
28:41 Heavy Plow
28:53 Scale Mail Armor
28:58 Scale Barding Armor
29:17 Ballistics
32:13 Imperial Age
33:22 Scale Barding Armor
33:42 Conscription
33:38 Arson
34:19 Chain Mail Armor
33:59 Heavy Scorpion
35:55 Pikeman
37:24 Forging
37:35 Chain Barding Armor
seven^^
11:20 Feudal Age
15:37 Castle Age
13:48 Double-Bit Axe
14:20 Horse Collar
33:23 Imperial Age
34:01 Chemistry
SMAUG_AM
12:38 Feudal Age
17:13 Castle Age
19:23 Loom
20:14 Wheelbarrow
19:57 Pikeman
28:28 Crossbowman
29:15 Double-Bit Axe
31:26 Padded Archer Armor
31:17 Fletching
32:18 Thumb Ring
32:18 Scale Mail Armor
33:33 Horse Collar
34:21 Leather Archer Armor
34:02 Bodkin Arrow
35:04 Ballistics
35:19 Fortified Wall
35:48 Gold Mining
35:52 Stone Mining
40:05 Imperial Age
39:36 Hand Cart
39:07 Town Watch
lipesius
10:44 Feudal Age
14:48 Castle Age
16:10 Double-Bit Axe
17:17 Bow Saw
17:32 Horse Collar
24:40 Forging
26:51 Wheelbarrow
26:07 Loom
26:07 Town Watch
26:47 Bloodlines
26:37 Husbandry
27:37 Iron Casting
27:04 Light Cavalry
28:01 Husbandry
29:19 Bow Saw
33:18 Imperial Age
33:36 Cavalier
33:37 Hussar
34:36 Scale Barding Armor
35:36 Conscription
34:40 Vendel Legacy
35:48 Conscription
35:56 Elite Jarl
37:50 Blast Furnace
37:11 Chain Barding Armor
40:16 Plate Barding Armor
39:44 Scale Mail Armor
0204isaias
7:45 Loom
10:44 Feudal Age
11:27 Double-Bit Axe
11:37 Horse Collar
16:51 Castle Age
17:50 Heavy Plow
18:19 Bow Saw
24:15 Stone Mining
28:12 Imperial Age
27:56 Wheelbarrow
27:06 Town Watch
28:28 Stone Shaft Mining
27:46 Gold Mining
28:27 Forging
28:39 Scale Barding Armor
29:10 Hand Cart
29:50 Conscription
31:05 Iron Casting
31:35 Treadmill Crane
34:25 Crop Rotation
34:58 Two-Man Saw
34:18 Bloodlines
35:14 Blast Furnace
34:35 Chain Barding Armor
34:53 Husbandry
34:16 Light Cavalry
34:21 Elite Jarl
36:30 Town Watch
38:42 Ballistics
Horahlooks
11:27 Feudal Age
15:10 Castle Age
13:55 Double-Bit Axe
14:25 Horse Collar
15:36 Fletching
20:33 Wheelbarrow
23:39 Loom
23:40 Town Watch
27:09 Hand Cart
29:30 Imperial Age
28:04 Scale Barding Armor
28:02 Scale Mail Armor
28:12 Forging
29:06 First Crusade
29:07 Chain Mail Armor
28:59 Stone Mining
29:02 Gold Mining
30:10 Iron Casting
29:38 Capped Ram
31:05 Gold Shaft Mining
30:33 Siege Ram
31:50 Conscription
31:42 Stone Mining
31:49 Elite Serjeant
33:46 Plate Mail Armor
34:16 Blast Furnace
34:03 Heavy Plow
35:05 Onager
35:57 Siege Engineers
36:53 Chemistry
Connection lost

Rejoining the realm…

Still unreachable

The connection could not be restored.

Session expired

The server has moved on; the page needs a fresh start.